 Dungeon Crawl Stone Soup version 0.20.1-1-g8b1a95d (webtiles) character file.

35 Sempronis the Stinger (level 3, 0/16 HPs)
             Began as a Spriggan Venom Mage on Aug 31, 2017.
             Succumbed to an adder's poison
             ... on level 1 of the Dungeon.
             The game lasted 00:20:29 (943 turns).

Sempronis the Stinger (Spriggan Venom Mage)          Turns: 943, Time: 00:20:29

Health: 0/16       AC:  2    Str:  4    XL:     3   Next: 17%
Magic:  2/8        EV: 18    Int: 17    God:
Gold:   54         SH:  0    Dex: 16    Spells: 7/8 levels left

rFire    . . .     SeeInvis +   d - +0 dagger
rCold    . . .     Gourm    .   (shield restricted)
rNeg     . . .     Faith    .   a - +0 robe
rPois    .         Spirit   .   (helmet restricted)
rElec    .         Reflect  .   (no cloak)
rCorr    .         Harm     .   (gloves unavailable)
MR       .....                  (boots unavailable)
Stlth    +++.......             (no amulet)
Regen    0.1/turn               (no ring)
MPRegen  0.2/turn               (no ring)

@: lethally poisoned (0 -> -4), very quick
A: unfitting armour, see invisible, herbivore 3, speed 3, slow metabolism 2
a: no special abilities


You were on level 1 of the Dungeon.
You were completely stuffed.

You visited 1 branch of the dungeon, and saw 2 of its levels.

You collected 54 gold pieces.

Inventory:

Hand Weapons
 d - a +0 dagger (weapon)
Armour
 a - a +0 robe (worn)
Jewellery
 h - a +3 ring of protection {unknown}
Scrolls
 g - a scroll of recharging {unknown}
Potions
 e - a potion of lignification {unknown}
 f - a potion of mutation {unknown}
Books
 b - a Young Poisoner's Handbook

   Spells                             Type                      Level
   a - Sting                          Conjuration/Poison           1
   b - Poisonous Vapours              Poison/Air                   2
   c - Mephitic Cloud                 Conjuration/Poison/Air       3
   d - Olgreb's Toxic Radiance        Poison                       4
   e - Venom Bolt                     Conjuration/Poison           5


   Skills:
 + Level 3.3 Dodging
 + Level 3.4 Stealth
 + Level 3.2 Spellcasting
 + Level 0.9 Conjurations
 + Level 3.5 Poison Magic


You had 7 spell levels left.
You knew the following spells:

 Your Spells              Type           Power        Failure   Level  Hunger
a - Sting                 Conj/Pois      ##..         7%          1    None


Dungeon Overview and Level Annotations

Branches:
Dungeon (2/15)

Altars:


Innate Abilities, Weirdness & Mutations

You are very small and have problems with some larger weapons.
You are too small for most types of armour.
You have supernaturally acute eyesight. (SInv)
You are a herbivore.
You cover ground extremely quickly.
You need consume almost no food.


Message History

You feel sick. The adder barely misses you.
Casting: Sting
Confirm with . or Enter, or press ? or * to list all spells.
Aiming: Sting
Press: ? - help, Shift-Dir - straight line, f - adder
Aim: an adder (heavily wounded)
The sting hits the adder.
The adder is poisoned.
The adder is severely wounded.
You feel sick. The adder bites you. x2
* * * LOW HITPOINT WARNING * * *
* * * LOW HITPOINT WARNING * * *
You feel sick.
You kill the adder!
You have reached level 3!
Your experience leads to an increase in your attributes!
Increase (S)trength, (I)ntelligence, or (D)exterity?
You feel clever.
You see here an adder corpse.
You eat the bread ration.
That bread ration really hit the spot!
You die...

.# #.# .# #.# .############.#
.#............#
.#.#####...#### .#.#.......#
##### .#.#.#.....# #...
...........#####.############
................@............
...........##........########
'#.....#...##........#
.....................+
.#.....####.#........#
.......####.####.#####
)#.............#.#
.#....#####.##.#.#
.#...............#


There were no monsters in sight!

Vanquished Creatures
  2 adders
  2 leopard geckos
  2 goblins
  4 hobgoblins
  3 bats
  A frilled lizard (D:1)
  2 rats (D:2)
16 creatures vanquished.

Notes
Turn   | Place    | Note
-------+----------+-------------------------------------------
     0 | D:1      | Sempronis the Spriggan Venom Mage began the quest for the Orb.
     0 | D:1      | Reached XP level 1. HP: 9/9 MP: 5/5
   393 | D:1      | Reached XP level 2. HP: 13/13 MP: 4/6
   939 | D:1      | Reached XP level 3. HP: 1/16 MP: 1/8
   943 | D:1      | Succumbed to an adder's poison

Skill      XL: |  1  2 |
---------------+-------+-----
Spellcasting   | 3 |  3.2
Dodging        | |  3.3
Stealth        | |  3.4
Conjurations   | |  0.9
Poison Magic   | |  3.5

Action                   || total
-------------------------++-------
Melee: Dagger            ||    10
 Cast: Sting             ||    33
 Stab: Sleeping          ||     1
  Eat: Bread ration      ||     1
Armor: Robe              ||     4
Dodge: Dodged            ||    17
